 Dungeon Crawl Stone Soup version 0.19-a0-867-g949743d (webtiles) character file.

3143 Borgoz the Covert (level 9, -12/63 HPs)
             Began as an Octopode Assassin on July 3, 2016.
             Mangled by a wyvern (18 damage)
             ... on level 8 of the Dungeon.
             The game lasted 00:15:49 (7690 turns).

Borgoz the Covert (Octopode Assassin)               Turns: 7690, Time: 00:15:50

Health: -12/63     AC:  1    Str: 12    XL:     9   Next: 93%
Magic:  13/13      EV: 15    Int: 16    God:
Gold:   60         SH:  0    Dex: 15    Spells: 1 memorised, 7 levels left

rFire  . . .     SeeInvis +     a - +2 dagger (venom)
rCold  . . .     Gourm    .     (no shield)
rNeg   . . .     Faith    .     (helmet restricted)
rPois  +         Spirit   .     (no amulet)
rElec  .         Dismiss  .     w - +3 ring of intelligence
rCorr  .         Reflect  .     n - ring of protection from magic
SustAt .         Harm     .     s - ring of stealth
MR     ++...                    C - ring of protection from magic
Stlth  +++++++...               R - ring of poison resistance
                                O - ring of see invisible
                                (no ring)
                                (no ring)

@: hasted, drained, very quick, very resistant to hostile enchantments,
extremely stealthy
A: almost no armour, amphibious, 8 rings, constrict 8, camouflage 1, gelatinous
body 1
a: no special abilities


You were on level 8 of the Dungeon.
You were hungry.

You visited 2 branches of the dungeon, and saw 9 of its levels.
You also visited: Sewer.

You collected 445 gold pieces.
You spent 385 gold pieces at shops.

Inventory:

Hand Weapons
 a - a +2 dagger of venom (weapon)
 b - a +0 blowgun
Missiles
 c - 64 poisoned needles
 d - 10 curare-tipped needles
Jewellery
 n - a ring of protection from magic (right tentacle)
 s - a ring of stealth (on tentacle)
 w - a +3 ring of intelligence (left tentacle)
 C - a ring of protection from magic (on tentacle)
 G - an uncursed amulet of magic regeneration
 O - a ring of see invisible (on tentacle)
 R - a ring of poison resistance (on tentacle)
Wands
 B - a wand of polymorph (14/24)
 D - a wand of flame (17/48)
 H - a wand of slowing (34/48)
 L - a wand of acid (7/15)
 N - a wand of hasting (4/9)
Scrolls
 e - a scroll of teleportation {unknown}
 g - 3 scrolls of magic mapping {unknown}
 h - 3 scrolls of recharging
 o - 2 scrolls of fog
 r - 3 scrolls of enchant armour
 t - 2 scrolls of blinking
 u - 2 scrolls of random uselessness {unknown}
 v - 2 scrolls of immolation {unknown}
 y - 2 scrolls of noise {unknown}
 E - 2 scrolls of fear {unknown}
 J - a scroll of remove curse
 Q - a scroll of acquirement {unknown}
Potions
 i - 10 potions of curing
 l - 2 potions of magic
 m - 2 potions of invisibility
 p - 2 potions of cure mutation
 q - a potion of haste
 x - a potion of ambrosia {unknown}
 z - a potion of agility {unknown}
 F - a potion of flight
 I - 4 potions of heal wounds
Books
 A - a book of Transfigurations

   Spells                             Type                      Level
   a - Irradiate                      Conjuration/Transmutation    5
   b - Statue Form                    Transmutation/Earth          6
   c - Hydra Form                     Transmutation                6
   d - Dragon Form                    Transmutation                7
Comestibles
 f - 7 bread rations
 j - 3 beef jerkies
 k - 5 meat rations
 M - a slice of pizza


   Skills:
 + Level 6.3(5.8) Fighting
 + Level 6.5(6.0) Short Blades
 - Level 2.0(1.5) Throwing
 + Level 6.2(5.6) Dodging
 + Level 10.4(9.9) Stealth
 + Level 3.1(2.6) Spellcasting
 + Level 3.5(3.0) Transmutations


You had 7 spell levels left.
You knew the following spells:

 Your Spells              Type           Power        Failure   Level  Hunger
a - Dragon Form           Tmut           ##........   100%        7    #######


Dungeon Overview and Level Annotations

Branches:
Dungeon (8/15)             Temple (1/1) D:7
   Lair: D:8-11

Altars:
Ashenzari
Cheibriados
Dithmenos
Elyvilon
Fedhas
Gozag
Hepliaklqana
Kikubaaqudgha
Makhleb
Nemelex Xobeh
Okawaru
Pakellas
Qazlal
Ru
Sif Muna
Trog
Uskayaw
Vehumet
Xom
Yredelemnul
Zin
The Shining One

Shops:
D:4 *   D:8 *


Innate Abilities, Weirdness & Mutations

You cannot wear most types of armour.
You are amphibious.
You can wear up to eight rings at the same time.
You can use your tentacles to constrict eight enemies at once.
Your skin changes colour to match your surroundings (Stealth+).
Your rubbery body absorbs attacks. (AC +1)


Message History

You destroy the wight!
The wight closely misses you. The wyvern misses you.
You closely miss the wyvern.
You squeeze the wyvern, but do no damage.
The wyvern bites you!
You hit the wyvern but do no damage.
The wyvern is poisoned.
You squeeze the wyvern, but do no damage.
The wyvern barely misses you.
You barely miss the wyvern. The wyvern misses you.
You closely miss the wyvern. Your squeeze misses the wyvern.
The wyvern bites you!
You barely miss the wyvern.
The wyvern is lightly wounded.
The wyvern bites you. The wyvern closely misses you. The wyvern bites you!
* * * LOW HITPOINT WARNING * * *
You feel yourself speed up. The wyvern closely misses you.
The wyvern bites you!!
You die...

######## #.. ...#
###.####.########
#.........)......
#.#.#...$........
#####.#.##########...
#∩....z......... z
#)#)##l#########
#"...@)......#
#..).#.#####.#
#.....#.#.#
#.##..#.#<# #
......#.# .......#.#
...###.#.#.# ...
..#.#.# .. ###.#.#


You could see a wyvern and a wight.

Vanquished Creatures
  The ghost of raikaria the Changer, a novice MfTm (D:4)
  A troll (D:6)
  A water moccasin (D:5)
  An orc warrior (D:7)
  2 sky beasts
  5 ogres
  2 centaurs (D:6)
  7 big kobolds (Sewer)
  Blork the orc (D:5)
  A giant frog (D:6)
  A scorpion (D:5)
  A wight (D:8)
  A howler monkey (D:4)
  2 crimson imps (D:6)
  3 orc wizards
  4 hounds
  An orc priest (D:3)
  A centaur skeleton (D:7)
  2 giant frog skeletons
  Jessica (D:3)
  Ijyb (D:3)
  Natasha (thrice) (D:3)
  3 worker ants
  A hound skeleton (D:5)
  A worker ant zombie (D:5)
  3 gnolls (D:5)
  13 adders
  3 river rats (Sewer)
  A shadow imp (D:6)
  5 oozes
  An adder zombie (D:6)
  5 worms
  An adder skeleton (D:4)
  A dart slug (D:2)
  2 giant geckos
  21 orcs
  3 giant cockroaches
  7 hobgoblins
  5 jackals
  A quokka (D:2)
  5 ball pythons (Sewer)
  6 bats
  A giant gecko zombie (D:6)
  4 giant newts
  8 goblins
  16 kobolds
  9 rats
169 creatures vanquished.

Vanquished Creatures (others)
  A giant cockroach (D:4)
1 creature vanquished.

Grand Total: 170 creatures vanquished

Notes
Turn   | Place    | Note
-------+----------+-------------------------------------------
     0 | D:1      | Borgoz the Octopode Assassin began the quest for the Orb.
     0 | D:1      | Reached XP level 1. HP: 14/14 MP: 1/1
   223 | D:1      | Reached XP level 2. HP: 19/19 MP: 2/2
   732 | D:1      | Reached XP level 3. HP: 24/25 MP: 3/3
  1618 | D:2      | Found a hazy altar of Hepliaklqana.
  1619 | D:2      | Found a shimmering altar of Xom.
  1619 | D:2      | Noticed a tentacled monstrosity
  1620 | D:2      | Noticed a tentacled monstrosity
  1620 | D:2      | Noticed a spectral ugly thing
  1720 | D:3      | Noticed Ijyb
  1728 | D:3      | Killed Ijyb
  1728 | D:3      | Reached skill level 6 in Stealth
  1728 | D:3      | Reached XP level 4. HP: 30/30 MP: 4/4
  1784 | D:3      | Found a glowing drain.
  1804 | Sewer    | Entered a sewer
  1821 | Sewer    | Noticed a big kobold
  1837 | Sewer    | Killed a big kobold
  1837 | Sewer    | Reached XP level 5. HP: 26/36 MP: 5/5
  1986 | Sewer    | Noticed a big kobold
  2002 | Sewer    | Killed a big kobold
  2002 | Sewer    | Reached XP level 6. HP: 32/42 MP: 6/6
  2148 | Sewer    | Reached skill level 7 in Stealth
  2312 | Sewer    | Reached XP level 7. HP: 47/47 MP: 7/7
  2806 | D:3      | Noticed Natasha
  2815 | D:3      | Killed Natasha
  2828 | D:2      | Reached skill level 8 in Stealth
  3296 | D:3      | Noticed Jessica
  3303 | D:3      | Killed Jessica
  3498 | D:3      | Noticed Natasha
  3513 | D:3      | Killed Natasha
  3624 | D:3      | Noticed Natasha
  3726 | D:3      | Killed Natasha
  3759 | D:4      | Found a white marble altar of Elyvilon.
  3765 | D:4      | Reached XP level 8. HP: 54/54 MP: 8/8
  3798 | D:4      | Reached skill level 5 in Short Blades
  4009 | D:4      | Noticed raikaria's ghost (novice MfTm)
  4059 | D:4      | Found Zin's Purification Station.
  4065 | D:4      | Found a glowing silver altar of Zin.
  4471 | D:4      | Reached skill level 5 in Fighting
  4580 | D:4      | Reached skill level 9 in Stealth
  4640 | D:5      | Entered Level 5 of the Dungeon
  4703 | D:5      | Learned a level 7 spell: Dragon Form
  4806 | D:5      | Reached skill level 5 in Dodging
  4993 | D:5      | Reached skill level 1 in Spellcasting
  5007 | D:5      | Noticed Blork the orc
  5022 | D:5      | Killed Blork the orc
  5022 | D:5      | Reached skill level 1 in Transmutations
  5396 | D:5      | Found a stormy altar of Qazlal.
  5399 | D:5      | Found an iron altar of Okawaru.
  5506 | D:5      | Found an ancient bone altar of Kikubaaqudgha.
  5608 | D:5      | Reached XP level 9. HP: 61/61 MP: 11/11
  5869 | D:4      | Killed raikaria's ghost
  6176 | D:6      | Noticed a troll
  6181 | D:6      | Killed a troll
  6326 | D:6      | Reached skill level 10 in Stealth
  6562 | D:6      | Found an oddly glowing altar of Pakellas.
  6854 | D:7      | Found a staircase to the Ecumenical Temple.
  6866 | Temple   | Entered the Ecumenical Temple
  7626 | D:8      | Found Varph's General Store.
  7642 | D:8      | Bought an uncursed ring of see invisible for 165 gold pieces
  7642 | D:8      | Bought an uncursed ring of poison resistance for 220 gold pieces
  7690 | D:8      | Mangled by a wyvern

Vault maps used:
D:1:      grunt_arrival_lava_bath
D:2:      regret_index_temple_of_mockery, minmay_vboxes
D:3:      gup_sewer_entry_glass, uniq_jessica, uniq_natasha, uniq_iyjb
D:4:      zin_purify, elyvilon_altar_4, hangedman_abyss_or_decor_stagger
D:5:      grunt_temple_overflow_open, first_bread, uniq_blork_the_orc
D:6:      marbit_many_paths
D:8:      serial_shops, shop, lemuel_mausoleum_altar_yredelemnul
Temple:   eino_temple_water
Sewer:    sewer_co_tree

Skill      XL: |  1  2  3  4  5  6  7  8  9 |
---------------+----------------------------+-----
Short Blades   | 3 4 5 6 |  6.5
Dodging        | 2 3 4 5 6 |  6.2
Stealth        | 6 7 8 9 10 | 10.4
Fighting       | 3 4 5 6 |  6.3
Spellcasting   | 1 3 |  3.1
Transmutations | 1 3 |  3.5
Throwing       | |  2.0

Action                   |  1- 3 |  4- 6 |  7- 9 || total
-------------------------+-------+-------+-------++-------
Melee: Dagger            |    73 |    40 |   291 ||   404
       Constrict         |    15 |     6 |    48 ||    69
       Tentacles         |     8 |     2 |    69 ||    79
       Unarmed           |       |       |     2 ||     2
 Fire: Blowgun           |     9 |    10 |       ||    19
  Use: Scroll            |       |     6 |     7 ||    13
       Potion            |       |       |     1 ||     1
 Stab: Sleeping          |    23 |    14 |    49 ||    86
       Distracted        |       |       |     3 ||     3
  Eat: Chunk             |     2 |     2 |    15 ||    19
       Pizza             |       |       |     1 ||     1
Armor: Skin              |     5 |       |     4 ||     9
Dodge: Dodged            |    25 |     7 |   109 ||   141
